 Dungeon Crawl Stone Soup version 0.31.0 (webtiles) character file.

Game seed: 15706173887012247197

1043 qw the Skirmisher (level 8, -2/49 HPs)
             Began as a Gargoyle Hunter on Jan 20, 2024.
             Slain by a yak (10 damage)
             ... on level 6 of the Dungeon.
             The game lasted 00:00:20 (5203 turns).

qw the Skirmisher (Gargoyle Hunter)                 Turns: 5203, Time: 00:00:22

Health: -2/49      AC: 18    Str: 14    XL:     8   Next: 25%
Magic:  0/8        EV: 11    Int: 11    God:
Gold:   339        SH:  0    Dex: 17    Spells: 7/7 levels left

rFire   . . .        j - +0 orcbow
rCold   . . .        (shield currently unavailable)
rNeg    + . .        n - +3 ring mail of Peptosax {Dex+2}
rPois   inf          m - +2 hat
rElec   +            (no cloak)
rCorr   .            (no gloves)
SInv    .            b - +1 pair of boots
Will    .....        d - amulet of guardian spirit
Stlth   +            (no ring)
HPRegen 0.28/turn    (no ring)
MPRegen 0.11/turn

%: guardian spirit
@: no status effects
A: sickness immunity, AC +5, negative energy resistance 1, electricity
resistance, torment resistance 1, petrification resistance
a: no special abilities


You were on level 6 of the Dungeon.
You visited 2 branches of the dungeon, and saw 7 of its levels.

You collected 339 gold pieces.


Innate Abilities, Weirdness & Mutations

You are immune to sickness and miasma.
Your stone body is resilient. (AC +5)
You are immune to poison.
You resist negative energy. (rN+)
You are resistant to electric shocks. (rElec)
You are resistant to unholy torment.
You are immune to petrification.


   Skills:
 - Level 5.1 Fighting
 + Level 8.7 Ranged Weapons
 - Level 2.0 Armour
 - Level 2.3 Dodging
 - Level 1.1 Stealth


You had 7 spell levels left.
You didn't know any spells.
Your spell library was empty.

Inventory:

Hand Weapons
 j - a +0 orcbow (weapon)
Armour
 b - a +1 pair of boots (worn)
 m - a +2 hat (worn)
 n - the +3 ring mail of Peptosax (worn) {Dex+2}
   (You found it on level 5 of the Dungeon)

   Dex+2:     It affects your dexterity (+2).
Jewellery
 d - an amulet of guardian spirit (around neck)
Wands
 h - a wand of quicksilver (2)
Potions
 e - a potion of curing
 f - a potion of haste
 g - 2 potions of mutation
 k - 2 potions of enlightenment
 l - 2 potions of might

Dungeon Overview and Level Annotations

Branches:
Dungeon (6/15)             Temple (1/1) D:4

Altars:
Ashenzari
Cheibriados
Dithmenos
Elyvilon
Fedhas
Gozag
Hepliaklqana
Qazlal
Trog
Uskayaw
Vehumet
The Shining One
Lugonu


Message History

You shoot an arrow. The arrow hits the yak.
The yak is heavily wounded.
The yak gores you! The yak closely misses you.
You shoot an arrow. The arrow hits the yak!
The yak is severely wounded.
The yak gores you but does no damage.
You shoot an arrow. The arrow closely misses the yak.
The arrow hits the yak.
The yak is heavily wounded.
The yak gores you.
You shoot an arrow. The arrow hits the yak!
The yak is almost dead.
The yak gores you but does no damage.
You shoot an arrow. The arrow hits the yak.
The yak is almost dead.
The yak closely misses you.
You shoot an arrow.
The arrow hits the yak but does no damage.
The yak is almost dead.
The yak closely misses you.
You shoot an arrow. The arrow hits the yak.
You kill the yak!
The yak gores you!
You shoot an arrow. The arrow hits the yak!
The yak is moderately wounded.
The yak gores you!
You shoot an arrow. The arrow closely misses the yak. x2
The yak gores you but does no damage.
You shoot an arrow. The arrow hits the yak!
The yak is severely wounded.
The yak gores you.
You shoot an arrow. The arrow hits the yak.
The yak is severely wounded.
The yak gores you but does no damage.
You shoot an arrow. The arrow barely misses the yak.
The arrow hits the yak.
The yak is heavily wounded.
The yak closely misses you. The yak misses you.
You shoot an arrow. The arrow closely misses the yak.
The arrow barely misses the yak.
The yak gores you!
You die...

############
..##.......#
#..........#
###........# #........#
#.#...#..# # #.PP..##.##
.#
###P.PPP##..#######...##
...:P_PP+.....YY@.......
###P.PPP####..Y####...#.
#.P.P.# ###..### .#
###.....# ##...#
.7777.### ###.#####
.7..7.# #..Y....#
.7....# #.......#
#7._..# #....Y..#
#7....# #.......#


You could see 3 yaks.

Vanquished Creatures
  A yak (D:6)
  A water moccasin (D:5)
  2 centaurs
  A scorpion (D:5)
  2 howler monkeys
  A jelly (D:5)
  4 hounds
  An iguana (D:6)
  Natasha (twice) (D:2)
  9 gnolls
  8 adders
  A white imp (D:5)
  2 ufetubi (D:6)
  3 dart slugs
  4 ribbon worms
  3 orcs
  9 endoplasms
  3 giant cockroaches
  8 hobgoblins
  4 jackals (D:2)
  3 quokkas
  10 ball pythons
  7 bats
  5 frilled lizards
  7 goblins
  7 kobolds
  3 rats
111 creatures vanquished.

Notes
Turn   | Place    | Note
-------+----------+-------------------------------------------
     0 | D:1      | qw the Gargoyle Hunter began the quest for the Orb.
     0 | D:1      | Reached XP level 1. HP: 12/12 MP: 1/1
     0 | D:1      | 0 ||| qw: Version: 0.3-a-132-g3d54051
     0 | D:1      | 0 ||| qw: Game counter: 434
     0 | D:1      | 0 ||| qw: Melee chars always use a shield: true
     0 | D:1      | 0 ||| qw: God list: Okawaru
     0 | D:1      | 0 ||| qw: Allow faded altars: false
     0 | D:1      | 0 ||| qw: Do Orc after clearing Dungeon:15 true
     0 | D:1      | 0 ||| qw: Do second Lair branch before Depths: true
     0 | D:1      | 0 ||| qw: Lair rune preference: random
     0 | D:1      | 0 ||| qw: Goals: Normal
     0 | D:1      | 0 ||| PLANNING D:1-11
   129 | D:1      | Reached XP level 2. HP: 14/17 MP: 2/2
   456 | D:1      | Reached XP level 3. HP: 21/21 MP: 3/3
   496 | D:1      | Reached skill level 5 in Ranged Weapons
   660 | D:1      | 660 ||| READING scroll labelled AKLOOPNUIF.
   661 | D:1      | 661 ||| READING scroll labelled ROUVUERHIU.
   661 | D:1      | 661 ||| ENCHANTING +0 shortbow.
   662 | D:1      | 662 ||| DRINKING 2 emerald potions.
   663 | D:1      | 663 ||| DRINKING 2 orange potions.
   664 | D:1      | 664 ||| DROPPING scroll of butterflies.
   788 | D:2      | Reached skill level 3 in Fighting
   811 | D:2      | 811 ||| FLEEEEING.
   916 | D:2      | Reached XP level 4. HP: 28/28 MP: 4/4
  1155 | D:2      | Noticed Natasha
  1159 | D:2      | Killed Natasha
  1353 | D:2      | 1353 ||| DROPPING amulet of magic regeneration.
  1354 | D:2      | 1354 ||| UPGRADING to amulet of guardian spirit.
  1359 | D:2      | 1359 ||| READING 2 scrolls labelled GUR IQU GINEI.
  1359 | D:2      | 1359 ||| IDENTIFYING glowing black potion
  1360 | D:2      | 1360 ||| READING scroll of identify.
  1360 | D:2      | 1360 ||| IDENTIFYING ruby potion
  1361 | D:2      | 1361 ||| DRINKING 2 sedimented dark potions.
  1362 | D:2      | 1362 ||| DROPPING potion of lignification.
  1399 | D:2      | Noticed Natasha
  1403 | D:2      | Killed Natasha
  1404 | D:2      | Reached skill level 6 in Ranged Weapons
  1404 | D:2      | Reached XP level 5. HP: 32/32 MP: 5/5
  1414 | D:3      | Found a faded altar of an unknown god.
  1426 | D:3      | HP: 8/32 [gnoll/+0 whip (4)]
  1427 | D:3      | 1427 ||| DRINKING potion of heal wounds.
  1437 | D:3      | 1437 ||| FLEEEEING.
  1440 | D:3      | 1440 ||| STAIRDANCE
  1477 | D:2      | 1477 ||| FLEEEEING.
  1808 | D:3      | Identified the +0 ring mail of the Big Bang {+Blink Int+3}
  1982 | D:3      | Reached XP level 6. HP: 33/38 MP: 4/6
  1982 | D:3      | 1982 ||| FLEEEEING.
  2364 | D:3      | 2364 ||| UPGRADING to +0 ring mail.
  2374 | D:3      | 2374 ||| DROPPING +0 leather armour.
  2375 | D:3      | 2375 ||| DROPPING +0 ring mail of the Big Bang {+Blink
                  | Int+3}.
  2376 | D:3      | 2376 ||| UPGRADING to +2 hat.
  2381 | D:3      | 2381 ||| READING 2 scrolls of identify.
  2381 | D:3      | 2381 ||| IDENTIFYING lumpy black potion
  2382 | D:3      | 2382 ||| READING scroll of identify.
  2382 | D:3      | 2382 ||| IDENTIFYING scroll labelled TOHAYCK WAVY
  2383 | D:3      | 2383 ||| DROPPING scroll of revelation.
  2948 | D:4      | Reached skill level 1 in Armour
  2977 | D:4      | Found a staircase to the Ecumenical Temple.
  2978 | D:4      | 2978 ||| PLANNING TEMPLE
  2978 | D:4      | 2978 ||| READING scroll of identify.
  2978 | D:4      | 2978 ||| IDENTIFYING bubbling purple potion
  2979 | D:4      | 2979 ||| DROPPING potion of degeneration.
  2986 | Temple   | Entered the Ecumenical Temple
  2987 | Temple   | 2987 ||| PLANNING D:1-11
  3327 | D:4      | 3327 ||| FLEEEEING.
  3549 | D:4      | 3549 ||| UPGRADING to +0 pair of boots.
  3554 | D:4      | 3554 ||| READING scroll labelled USIYMO QOUGI.
  3637 | D:5      | Entered Level 5 of the Dungeon
  3698 | D:5      | Reached skill level 7 in Ranged Weapons
  3768 | D:5      | Noticed a water moccasin
  3769 | D:5      | 3769 ||| RETREEEEATING.
  3771 | D:5      | 3771 ||| RETREEEEATING.
  3773 | D:5      | Reached XP level 7. HP: 25/43 MP: 2/7
  3778 | D:5      | HP: 10/43 [gnoll/+0 spear (4)]
  3824 | D:5      | 3824 ||| FLEEEEING.
  3939 | D:5      | 3939 ||| FLEEEEING.
  4009 | D:5      | Reached skill level 8 in Ranged Weapons
  4151 | D:5      | Found a bloodstained altar of Trog.
  4195 | D:5      | 4195 ||| FLEEEEING.
  4300 | D:5      | 4300 ||| SWAPPING to +0 orcbow.
  4301 | D:5      | 4301 ||| DROPPING +1 shortbow.
  4393 | D:5      | Identified the +3 ring mail of Peptosax {Dex+2}
  4935 | D:5      | 4935 ||| UPGRADING to +3 ring mail of Peptosax {Dex+2}.
  4945 | D:5      | 4945 ||| DROPPING +0 ring mail.
  4946 | D:5      | 4946 ||| READING scroll of identify.
  4946 | D:5      | 4946 ||| IDENTIFYING 2 yellow potions
  4947 | D:5      | 4947 ||| READING scroll labelled XIJEEG QUYLEGI.
  4948 | D:5      | 4948 ||| FLEEEEING.
  4950 | D:5      | 4950 ||| READING scroll labelled UNISACEVUSI.
  4950 | D:5      | 4950 ||| ENCHANTING +0 pair of boots.
  4989 | D:6      | 4989 ||| FLEEEEING.
  4990 | D:6      | 4990 ||| FLEEEEING.
  4991 | D:6      | 4991 ||| FLEEEEING.
  4992 | D:6      | 4992 ||| FLEEEEING.
  4993 | D:6      | 4993 ||| FLEEEEING.
  4999 | D:6      | 4999 ||| STAIRDANCE
  5005 | D:5      | 5005 ||| FLEEEEING.
  5030 | D:6      | Reached XP level 8. HP: 49/49 MP: 8/8
  5108 | D:6      | Found a blossoming altar of Fedhas.
  5119 | D:6      | Found a white marble altar of Elyvilon.
  5164 | D:6      | Noticed a yak
  5168 | D:6      | Noticed a yak
  5169 | D:6      | 5169 ||| RETREEEEATING.
  5170 | D:6      | 5170 ||| RETREEEEATING.
  5171 | D:6      | 5171 ||| RETREEEEATING.
  5172 | D:6      | 5172 ||| FLEEEEING.
  5173 | D:6      | 5173 ||| FLEEEEING.
  5176 | D:6      | 5176 ||| RETREEEEATING.
  5176 | D:6      | Noticed a yak
  5177 | D:6      | 5177 ||| RETREEEEATING.
  5182 | D:6      | 5182 ||| RETREEEEATING.
  5186 | D:6      | Noticed a yak
  5197 | D:6      | Killed a yak
  5198 | D:6      | HP: 10/49 [yak (5)]
  5203 | D:6      | Slain by a yak

Levels and vault maps discovered:
D:1:      lemuel_arrival_broad_hall, layout_basic
D:2:      layout_loops_ring, grunt_ministairs_12, uniq_natasha
D:3:      layout_basic, nicolae_ecumenical_pavilion
D:4:      minmay_razor_zed, layout_basic, minmay_temple_entry_nine_rooms
D:5:      layout_basic, overflow_temple_1_default
D:6:      layout_basic, lemuel_doored_altar, mainiacjoe_overflow_alcove_1,
          fedhas_altar_3, serial_bayou, serial_bayou_pond_d,
          serial_bayou_shore_a, serial_bayou_pond_e, serial_bayou_crossing,
          serial_bayou_lake_a, nicolae_shop_vocational, uniq_grinder
Temple:   corrupted_temple

Skill      XL: |  1  2  3  4  5  6  7  8 |
---------------+-------------------------+-----
Ranged Weapons | 5 6 7 8 |  8.7
Fighting       | 3 4 5 |  5.1
Armour         | 1 2 |  2.0
Dodging        | 2 |  2.3
Stealth        | |  1.1

Action                     |  1- 3 |  4- 6 |  7- 9 || total
---------------------------+-------+-------+-------++-------
   Fire: Shortbow          |   111 |   199 |    57 ||   367
         Orcbow            |       |       |    59 ||    59
    Use: Scroll            |     2 |     6 |     3 ||    11
         Potion            |     2 |     2 |       ||     4
 Armour: Leather armour    |    18 |    31 |       ||    49
         Ring mail         |       |    62 |    68 ||   130
  Dodge: Dodged            |    15 |    59 |    52 ||   126

Table legend:
 A = Non-vault XP
 B = Vault XP
 C = Vault XP percentage of total XP
 D = Non-vault monster count
 E = Vault monster count
 F = Vault count percentage of total count
                 A         B        C        D         E       F
            +---------+---------+-------+---------+---------+-------
      Total |    1300 |     191 |  12.8 |      91 |      20 |  18.0
            +---------+---------+-------+---------+---------+-------
        D:1 |      53 |       0 |   0.0 |      25 |       0 |   0.0
        D:2 |      93 |      45 |  32.6 |      26 |       6 |  18.8
        D:3 |     158 |       0 |   0.0 |      16 |       0 |   0.0
        D:4 |      23 |     146 |  86.4 |       5 |      14 |  73.7
        D:5 |     549 |       0 |   0.0 |      12 |       0 |   0.0
        D:6 |     424 |       0 |   0.0 |       7 |       0 |   0.0
            +---------+---------+-------+---------+---------+-------
